 Dungeon Crawl Stone Soup version 0.23.2-1-ga50397a6bc (webtiles) character file.

Game seed: 15076607076138199375

3756 Elric the Carver (level 9, -4/82 HPs)
             Began as a Minotaur Fighter on May 10, 2019.
             Was a Follower of Ru.
             Slain by an orc warrior
             ... wielding a +0 trident
              (16 damage)
             ... on level 7 of the Dungeon.
             The game lasted 00:11:08 (6056 turns).

Elric the Carver (Minotaur Fighter)                 Turns: 6056, Time: 00:11:09

Health: -4/82      AC: 14    Str: 21    XL:     9   Next: 94%
Magic:  8/8        EV:  4    Int:  5    God:    Ru [*.....]
Gold:   385        SH: 16    Dex: 13    Spells: 8/8 levels left

rFire    . . .     SeeInvis .   a - +1 long sword
rCold    . . .     Gourm    .   r - +0 large shield
rNeg     . . .     Faith    .   m - +2 chain mail
rPois    .         Spirit   .   (helmet restricted)
rElec    .         Reflect  .   (no cloak)
rCorr    .         Harm     .   i - +0 pair of gloves
MR       .....                  (no boots)
Stlth    ..........             k - amulet of regeneration
HPRegen  0.63/turn              q - ring of ice
MPRegen  0.11/turn              u - ring of fire

@: lethally poisoned (-4 -> -4)
A: retaliatory headbutt, horns 2, missing an eye
a: Sacrifice Durability, Sacrifice Nimbleness, Sacrifice a Hand, Reject
Sacrifices, Renounce Religion


You were on level 7 of the Dungeon.
You worshipped Ru.
Ru was aware of your devotion.
You were not hungry.

You visited 2 branches of the dungeon, and saw 9 of its levels.

You collected 385 gold pieces.

Inventory:

Hand Weapons
 a - a +1 long sword (weapon)
Armour
 b - a +0 scale mail
 c - a +0 shield
 i - a +0 pair of gloves (worn)
 m - a +2 chain mail (worn)
 r - a +0 large shield (worn)
Jewellery
 k - an amulet of regeneration (around neck)
 q - a ring of ice (left hand)
 t - an uncursed ring of ice
 u - a ring of fire (right hand)
 C - an uncursed ring of protection from magic {unknown}
Wands
 j - a wand of disintegration (18)
 o - a wand of enslavement (3)
 w - a wand of flame (18)
 x - a wand of random effects (14)
 y - a wand of iceblast (11)
Scrolls
 d - a scroll of amnesia {unknown}
 h - a scroll of fear
 n - a scroll of immolation {unknown}
 p - 2 scrolls of remove curse
 s - 4 scrolls of enchant weapon
 v - a scroll of teleportation
 B - 2 scrolls of identify
Potions
 e - 5 potions of curing {unknown}
 g - 3 potions of heal wounds
 l - 3 potions of degeneration {unknown}
 z - a potion of haste {unknown}
 A - a potion of resistance {unknown}
Comestibles
 f - 16 rations
 D - 3 chunks of flesh


   Skills:
 + Level 8.8 Fighting
 * Level 11.4 Long Blades
 + Level 7.5 Armour
 * Level 8.4 Shields


You had 8 spell levels left.
You didn't know any spells.
Your spell library contained the following spells:

 Spells                   Type           Power        Failure   Level  Hunger
 Shock                    Conj/Air       #...         100%        1    ##.....
 Swiftness                Chrm/Air       #.......     100%        2    ###....
 Static Discharge         Conj/Air       #.......     100%        3    ####...
 Airstrike                Air            #.........   100%        4    #####..
 Lightning Bolt           Conj/Air       #.........   100%        5    ######.


Dungeon Overview and Level Annotations

Branches:
Dungeon (8/15)             Temple (1/1) D:4
   Lair: D:8-11

Altars:
Ashenzari
Cheibriados
Dithmenos
Elyvilon
Fedhas
Gozag
Kikubaaqudgha
Makhleb
Nemelex Xobeh
Okawaru
Qazlal
Ru
Sif Muna
Trog
Uskayaw
Vehumet
Wu Jian
Xom
Yredelemnul
Zin
The Shining One

Shops:
D:4 =   D:5 }   D:7 (


Innate Abilities, Weirdness & Mutations

You reflexively headbutt those who attack you in melee.
You have a pair of horns on your head.
You are missing an eye, making it more difficult to aim.


Message History

The orc warrior hits you but does no damage.
You barely miss the iguana. You headbutt the iguana.
You kill the iguana!
You block the orc warrior's attack.
You closely miss the orc warrior.
The orc warrior is moderately wounded.
You feel sick.
You closely miss the orc warrior.
The orc warrior is moderately wounded.
The orc warrior hits you with a +0 trident.
* * * LOW HITPOINT WARNING * * *
You closely miss the orc warrior.
The orc warrior is moderately wounded.
The orc warrior hits you with a +0 trident!
* * * LOW HITPOINT WARNING * * *
Ru believes you are ready to make a new sacrifice.
You hit the orc warrior but do no damage.
The orc warrior is moderately wounded.
The orc warrior hits you with a +0 trident!
You die...

..#.#+####....# #.#
###.#.####....# #.#
..#.....##....###.#####
..#.#.#.##.....#......#
..#.#.#........#......#
.........#...#.^......#
....#.##.#...#........#
....#.##.#...##.......##
.......#.####..o@......#
.#..#..#.# #.#........#
.#.......####.#รท#+####.#
.#..##......._.<#.# #.#
.#.####.#####.###.####.#
.#.....................#
.######.#########.######
..................#
.######.###########


You could see an orc warrior.

Vanquished Creatures
  Pikel (D:5)
  Sigmund (D:3)
  2 basilisks (D:8)
  Menkaure (D:6)
  A warg (D:8)
  A water moccasin (D:5)
  Duvessa (D:6)
  2 porcupines
  2 orc warriors
  A slave (D:6)
  3 ice beasts
  An ogre (D:3)
  A phantom (D:5)
  2 black bears
  A sky beast (D:5)
  A wolf (D:8)
  A crocodile (D:7)
  2 bullfrogs (D:7)
  Dowan (D:6)
  2 scorpions
  2 crimson imps
  2 hounds
  3 jellies
  An orc priest (D:2)
  Ijyb (D:3)
  Terence (D:3)
  A centaur skeleton (D:7)
  4 iguanas
  Natasha (thrice) (D:3)
  5 orc wizards
  3 worker ants
  A hound skeleton (D:6)
  12 adders
  A shadow imp (D:7)
  An adder skeleton (D:8)
  2 worms
  3 leopard geckos
  16 orcs
  4 giant cockroaches
  8 goblins
  6 hobgoblins
  2 jackals (D:6)
  5 kobolds
  A quokka (D:7)
  A ball python (D:6)
  3 bats
  6 frilled lizards
  A jackal skeleton (D:6)
  A leopard gecko zombie (D:5)
  14 rats
142 creatures vanquished.

Vanquished Creatures (others)
  A centaur (D:6)
  An orc (D:7)
  A jackal (D:6)
3 creatures vanquished.

Grand Total: 145 creatures vanquished

Notes
Turn   | Place    | Note
-------+----------+-------------------------------------------
     0 | D:1      | Elric the Minotaur Fighter began the quest for the Orb.
     0 | D:1      | Reached XP level 1. HP: 19/19 MP: 0/0
   120 | D:1      | Reached skill level 3 in Long Blades
   123 | D:1      | Reached XP level 2. HP: 27/27 MP: 1/1
   522 | D:2      | Reached skill level 4 in Long Blades
   522 | D:2      | Reached XP level 3. HP: 33/34 MP: 2/2
   532 | D:2      | Reached XP level 4. HP: 36/41 MP: 3/3
   549 | D:2      | Found a shattered altar of Ashenzari.
  1283 | D:3      | Noticed Ijyb
  1370 | D:3      | Reached skill level 5 in Long Blades
  1419 | D:3      | Noticed Sigmund
  1426 | D:3      | Killed Sigmund
  1426 | D:3      | Reached skill level 5 in Fighting
  1426 | D:3      | Reached skill level 6 in Long Blades
  1426 | D:3      | Reached XP level 5. HP: 34/48 MP: 4/4
  1593 | D:3      | Found a basalt altar of Yredelemnul.
  1625 | D:3      | Noticed an ogre
  1635 | D:3      | Killed an ogre
  1635 | D:3      | Reached XP level 6. HP: 35/57 MP: 5/5
  1646 | D:3      | Reached skill level 7 in Long Blades
  1897 | D:3      | Noticed Natasha
  1902 | D:3      | Killed Natasha
  2115 | D:3      | Noticed Natasha
  2130 | D:3      | Killed Natasha
  2155 | D:3      | Killed Ijyb
  2248 | D:3      | Noticed Terence
  2250 | D:3      | Killed Terence
  2250 | D:3      | Reached XP level 7. HP: 63/63 MP: 6/6
  2313 | D:3      | Noticed Natasha
  2314 | D:3      | Killed Natasha
  2593 | D:4      | Found a staircase to the Ecumenical Temple.
  2622 | Temple   | Entered the Ecumenical Temple
  2642 | Temple   | Became a worshipper of Ru the Awakened
  2868 | D:4      | Found Moxtur's Jewellery Shoppe.
  3145 | D:5      | Entered Level 5 of the Dungeon
  3236 | D:5      | Reached skill level 8 in Long Blades
  3380 | D:5      | Reached skill level 5 in Armour
  3380 | D:5      | Reached skill level 5 in Shields
  3380 | D:5      | Reached XP level 8. HP: 53/71 MP: 7/7
  3517 | D:5      | Found a glowing golden altar of the Shining One.
  3530 | D:5      | Found Micew's Gadget Boutique.
  3576 | D:5      | Found a stormy altar of Qazlal.
  3583 | D:5      | Gained mutation: You are missing an eye, making it more
                  | difficult to aim. [Ru sacrifice]
  3583 | D:5      | Reached * piety under Ru
  3891 | D:6      | Noticed Pikel
  3944 | D:5      | Killed Pikel
  3944 | D:5      | Reached skill level 9 in Long Blades
  4113 | D:6      | Found a snail-covered altar of Cheibriados.
  4202 | D:6      | Noticed Menkaure
  4207 | D:6      | Killed Menkaure
  4207 | D:6      | Reached skill level 10 in Long Blades
  4433 | D:6      | Noticed Duvessa
  4433 | D:6      | Noticed Dowan
  4455 | D:6      | Killed Dowan
  4505 | D:6      | Killed Duvessa
  4505 | D:6      | Reached XP level 9. HP: 81/81 MP: 8/8
  4873 | D:7      | Found Loikh's Antique Weapon Shop.
  5265 | D:7      | Found an opulent altar of Gozag.
  5679 | D:8      | Reached skill level 11 in Long Blades
  6056 | D:7      | Slain by an orc warrior

Skill      XL: |  1  2  3  4  5  6  7  8  9 |
---------------+----------------------------+-----
Long Blades    | 3 4 6 7 8 10 11 | 11.4
Fighting       | 4 5 6 7 8 |  8.8
Armour         | 5 6 7 |  7.5
Shields        | 5 6 8 |  8.4

Action                   |  1- 3 |  4- 6 |  7- 9 || total
-------------------------+-------+-------+-------++-------
Melee: Long sword        |    55 |   126 |   501 ||   682
       Headbutt          |     9 |    19 |    60 ||    88
Invok: Sacrifice an Eye  |       |       |     1 ||     1
Evoke: Wand              |       |     4 |     7 ||    11
  Use: Scroll            |       |     4 |     5 ||     9
       Potion            |       |       |     3 ||     3
 Stab: Distracted        |       |       |     2 ||     2
  Eat: Chunk             |       |     4 |    14 ||    18
Armor: Scale mail        |    18 |     2 |       ||    20
       Chain mail        |       |    56 |   255 ||   311
Dodge: Dodged            |    14 |    21 |    54 ||    89
Block: Shield            |    24 |    56 |     4 ||    84
       Large shield      |       |       |   400 ||   400
       Rpst.: Long sword |     3 |     4 |    14 ||    21
